 Dungeon Crawl Stone Soup version 0.26-a0-844-g3dd439832f (webtiles) character file.

Game seed: 10931159872453835290

360566 robertstho the Victor of a Thousand Battles (level 22, -5/173 HPs)
             Began as a Gnoll Ice Elementalist on Nov 18, 2020.
             Was the Champion of Okawaru.
             Killed from afar by a shadow dragon (28 damage)
             ... with a bolt of negative energy
             ... on level 5 of the Vaults.
             The game lasted 01:59:01 (66160 turns).

robertstho the Victor of a Thousand Battles (GnIE) Turns: 66160, Time: 01:59:01

Health: -5/173     AC: 44    Str: 25    XL:     22   Next: 43%
Magic:  41/41      EV: 10    Int: 29    God:    Okawaru [******]
Gold:   1762       SH: 21    Dex: 19    Spells: 34/51 levels left

rFire    + + +     SeeInvis +   q - +5 hand crossbow "Leli" {flame, +Blink Str+4 Stlth-}
rCold    + + +     Faith    .   P - +2 shield of Resistance {rF++ rC++ MR++}
rNeg     . . .     Spirit   .   C - +14 crystal plate armour "Walo" {rC- Int+8 SInv}
rPois    .         Reflect  +   a - +0 helmet {SInv}
rElec    .         Harm     .   X - scarf {rC+ rF+}
rCorr    +         Rampage  .   G - +2 pair of gloves {Dex+3}
MR       ++...     Rnd*Rage +   t - +1 pair of boots
Stlth    ..........             b - amulet of reflection
HPRegen  0.38/turn              Z - ring of resist corrosion
MPRegen  0.27/turn              n - ring of Saxtunao {+Inv rC+ MR- Str+4 SInv}

@: constricted, drained
A: distributed training, fangs 1, berserk 1, strong nose
}: 2/15 runes: decaying, serpentine
a: Heroism, Finesse, Renounce Religion, Evoke Blink, Evoke Invisibility


You were on level 5 of the Vaults.
You worshipped Okawaru.
Okawaru was exalted by your worship.
You visited 6 branches of the dungeon, and saw 35 of its levels.
You visited 1 bazaar.
You also visited: Bailey, Ice Cave and Volcano.

You collected 3906 gold pieces.
You spent 2144 gold pieces at shops.

Inventory:

Hand Weapons
 q - the +5 hand crossbow "Leli" (weapon) {flame, +Blink Str+4 Stlth-}
   (You found it in an ice cave)

   It causes projectiles fired from it to burn those they strike, causing extra
   injury to most foes and up to half again as much damage against particularly
   susceptible opponents.
   It affects your strength (+4).
   It lets you blink.
   It makes you less stealthy.
 K - a +4 scimitar of flaming
 U - a +1 bardiche of venom
 V - the +2 lajatang of Unreason {venom, Str+3}
   (Okawaru gifted it to you on level 13 of the Dungeon)

   It poisons the flesh of those it strikes.
   It affects your strength (+3).
Missiles
 S - 905 bolts (quivered)
Armour
 a - a +0 helmet of see invisible (worn)
 t - a +1 pair of boots (worn)
 C - the +14 crystal plate armour "Walo" (worn) {rC- Int+8 SInv}
   (You took it off an orc warrior in a bailey)

   It affects your intelligence (+8).
   It makes you vulnerable to cold.
   It lets you see invisible.
 G - a +2 pair of gloves of dexterity (worn)
 M - a +1 cloak of poison resistance
 P - the +2 shield of Resistance (worn) {rF++ rC++ MR++}
   (You found it on level 10 of the Dungeon)

   It greatly protects you from fire.
   It greatly protects you from cold.
   It affects your resistance to hostile enchantments.
 R - a scarf of invisibility
 X - a scarf of resistance (worn)
Jewellery
 b - an amulet of reflection (around neck)
 k - an uncursed ring of protection from magic
 l - an uncursed ring of positive energy
 n - the ring of Saxtunao (right hand) {+Inv rC+ MR- Str+4 SInv}
   (You found it on level 2 of the Snake Pit)

   [ring of see invisible]

   It affects your strength (+4).
   It protects you from cold.
   It affects your resistance to hostile enchantments.
   It lets you see invisible.
   It lets you turn invisible.
 p - an uncursed ring of protection from magic
 A - an uncursed ring of protection from fire
 B - an uncursed ring of protection from cold
 Z - a ring of resist corrosion (left hand)
Wands
 i - a wand of acid (23)
 y - a wand of disintegration (30)
Scrolls
 d - 5 scrolls of blinking
 e - 6 scrolls of fear
 g - a scroll of brand weapon
 h - 9 scrolls of magic mapping
 j - 25 scrolls of remove curse
 m - 10 scrolls of enchant armour
 u - 3 scrolls of silence
 z - 8 scrolls of teleportation
 E - 6 scrolls of fog
 I - 13 scrolls of identify
 J - 9 scrolls of enchant weapon
 N - 2 scrolls of immolation
 O - a scroll of summoning
 Q - 4 scrolls of holy word
Potions
 c - a potion of might
 f - 21 potions of curing
 o - 6 potions of mutation
 r - 3 potions of haste
 s - 4 potions of resistance
 v - a potion of magic
 x - 3 potions of cancellation
 D - 7 potions of flight
 F - 4 potions of invisibility
 L - 4 potions of berserk rage
 W - 13 potions of ambrosia
Miscellaneous
 Y - a condenser vane


   Skills:
 + Level 14.5(13.8) Fighting
 + Level 14.5(13.8) Short Blades
 + Level 14.5(13.8) Long Blades
 + Level 14.5(13.8) Axes
 + Level 14.5(13.8) Maces & Flails
 + Level 14.5(13.8) Polearms
 + Level 14.5(13.8) Staves
 + Level 14.5(13.8) Slings
 + Level 14.5(13.8) Bows
 + Level 14.5(13.8) Crossbows
 + Level 14.5(13.8) Throwing
 + Level 14.5(13.8) Armour
 + Level 15.1(14.3) Dodging
 + Level 15.0(14.2) Stealth
 + Level 14.5(13.8) Shields
 + Level 14.5(13.8) Unarmed Combat
 + Level 15.2(14.4) Spellcasting
 + Level 12.5(11.8) Conjurations
 + Level 12.5(11.8) Hexes
 + Level 12.5(11.8) Summonings
 + Level 12.5(11.8) Necromancy
 + Level 12.5(11.8) Translocations
 + Level 12.5(11.8) Transmutations
 + Level 12.5(11.8) Fire Magic
 + Level 14.0(13.3) Ice Magic
 + Level 12.5(11.8) Air Magic
 + Level 12.5(11.8) Earth Magic
 + Level 12.5(11.8) Poison Magic
   Level 15.7(14.9) Invocations
 + Level 14.5(13.8) Evocations


You had 34 spell levels left.
You knew the following spells:

 Your Spells              Type           Power        Failure   Level
a - Freeze                Ice            ####         1%          1
b - Frozen Ramparts       Ice            ######       1%          3
c - Ozocubu's Armour      Ice            #######.     1%          3
d - Hailstorm             Conj/Ice       #######.     4%          4
e - Summon Ice Beast      Ice/Summ       #######.     4%          4
f - Blink                 Tloc           N/A          1%          2

Your spell library contained the following spells:

 Spells                   Type           Power        Failure   Level
 Foxfire                  Conj/Fire      ####         1%          1
 Magic Dart               Conj           ####         1%          1
 Sandblast                Erth           ######       1%          1
 Call Imp                 Summ           ######..     1%          2
 Passwall                 Tmut/Erth      ######..     1%          2
 Poisonous Vapours        Pois/Air       ######       1%          2
 Slow                     Hex            ######..     1%          2
 Confusing Touch          Hex            ######..     1%          3
 Conjure Flame            Conj/Fire      ######..     1%          3
 Gell's Gravitas          Tloc           ######....   1%          3
 Inner Flame              Hex/Fire       ######..     1%          3
 Mephitic Cloud           Conj/Pois/Air  ######..     1%          3
 Stone Arrow              Conj/Erth      ######       1%          3
 Petrify                  Tmut/Erth      ######..     6%          4
 Sticky Flame             Conj/Fire      ######..     6%          4
 Metabolic Englaciation   Hex/Ice        #######...   13%         5
 Fireball                 Conj/Fire      ######....   17%         5
 Irradiate                Conj/Tmut      ######....   17%         5
 Lee's Rapid Deconstruct  Erth           ######....   17%         5
 Summon Demon             Summ           ######....   17%         5
 Summon Forest            Summ/Tloc      ######....   17%         5
 Summon Mana Viper        Hex/Summ       ######..     17%         5
 Yara's Violent Unravell  Hex/Tmut       ######....   17%         5
 Freezing Cloud           Conj/Ice/Air   #######...   61%         6
 Hydra Form               Tmut           ######....   67%         6
 Shadow Creatures         Summ           N/A          67%         6
 Statue Form              Tmut/Erth      ######...    67%         6
 Dragon Form              Tmut           ######....   99%         7
 Summon Hydra             Summ           ######....   99%         7


Dungeon Overview and Level Annotations

Branches:
Dungeon (15/15)            Temple (1/1) D:6            Lair (6/6) D:10
  Swamp (4/4) Lair:3        Snake (4/4) Lair:2        Slime (0/5) Lair:5
    Orc (0/2) D:10         Vaults (5/5) D:14          Crypt (0/3) Vaults:3
 Depths (0/5) D:15         Bailey (visited)           IceCv (visited)
Volcano (visited)

Altars:
Ashenzari
Cheibriados
Dithmenos
Elyvilon
Fedhas
Gozag
Hepliaklqana
Kikubaaqudgha
Makhleb
Nemelex Xobeh
Okawaru
Qazlal
Ru
Sif Muna
Trog
Uskayaw
Vehumet
Wu Jian
Xom
Yredelemnul
Zin
The Shining One
Jiyva

Shops:
D:2 *   D:9 !   D:15 *   Snake:3 !   Vaults:1 [[((

Annotations:
D:8 3 runed translucent doors, LufLufFighter's ghost, novice MfTm
Lair:6 Need digging to get manual dodging
Vaults:2 Sojobo


Innate Abilities, Weirdness & Mutations

Your experience applies equally to all skills.
You have very sharp teeth.
Your uncanny sense of smell can sniff out nearby items.
You tend to lose your temper in combat.


Message History

The tentacled monstrosity closely misses you.
You block the tentacled monstrosity's attack.
The tentacled monstrosity grabs you.
The tentacled monstrosity constricts you.
The fire giant is engulfed in blazing flames.
You block the fire giant's attack.
The yaktaur captain is engulfed in blazing flames.
Flame seeps out of the yaktaur captain.
A vault guard comes into view. It is wielding a +3 war axe.
The ironheart preserver is engulfed in blazing flames.
Flame seeps out of the ironheart preserver.
The titan is engulfed in blazing flames.
The titan waves its arms in wide circles.
The air twists around and strikes you!!
* * * LOW HITPOINT WARNING * * *
The shadow dragon is engulfed in blazing flames.
Flame seeps out of the shadow dragon.
The shadow dragon breathes negative energy at you.
The bolt of negative energy hits you!!
You feel drained.
You die...

... #....# ...
#....# . ....
#....# ..
.....#....# .##
.....#....#....
.....§§[[[)....
####.§§§D)°..##
.....§C@pe(....
.....eCXDp.)...
......☼c§[[....
......§§§.[....
####..§§§...###
∆ ......))..p
Ce.#....#.#.#
##..#....#....


You could see 2 shadow dragons, a tentacled monstrosity (inner flame), an
ironheart preserver (inner flame, empowered), a titan (empowered), a fire giant
(empowered), a vault warden (inner flame), a yaktaur captain (inner flame), a
vault guard, an ettin, a deep elf archer (empowered, repels missiles), a deep
elf knight (fast, empowered) and a deep elf high priest (inner flame, brilliance
aura).

Vanquished Creatures
  Mara (Vaults:2)
  Bai Suzhen (Swamp:4)
  Vashnia (Snake:2)
  2 golden dragons (Vaults:4)
  A tentacled monstrosity (Vaults:4)
  A lich (Vaults:4)
  Jorgrun (Snake:2)
  A quicksilver dragon (Vaults:5)
  Asterion (Snake:4)
  An ancient champion (Vaults:3)
  3 thorn hunters
  2 sphinxes
  2 storm dragons (Vaults:4)
  Kirke (Lair:4)
  3 tengu reavers
  Agnes (Snake:4)
  A shadow dragon (Vaults:4)
  Donald (Vaults:4)
  12 nagarajas
  2 fire giants
  10 vault wardens
  3 frost giants
  Louise (Snake:3)
  A deep elf sorcerer (Vaults:5)
  An orc warlord (Vaults:4)
  The ghost of Xitaol the Ninja, an adept SpEn of Wu Jian (Snake:1)
  Aizul (Snake:1)
  10 ironheart preservers
  2 very ugly things (Vaults:1)
  8 stone giants
  2 entropy weavers (Vaults:4)
  7 bunyips
  A deep elf annihilator (Vaults:5)
  2 dire elephants (Lair:6)
  A crystal guardian (Vaults:4)
  An ettin (Vaults:4)
  5 eleionomae
  A deep elf death mage (Vaults:3)
  An eidolon (Vaults:3)
  7 yaktaur captains
  6 fire dragons
  A shambling mangrove (Swamp:4)
  29 vault guards
  Fannar (D:10)
  2 great orbs of eyes
  An ice dragon (Vaults:4)
  15 hydras
  7 boulder beetles
  The ghost of Zonian the Martial Artist, a journeyman GnTm of Uskayaw (D:10)
  8 centaur warriors
  14 naga warriors
  Erica (D:9)
  2 death knights
  12 anacondas
  A dancing weapon (D:6)
  7 alligators
  36 two-headed ogres
  13 ogre magi
  3 tengu warriors
  7 death yaks
  A vampire mage (Vaults:3)
  A sun demon (Volcano)
  A hell knight (Volcano)
  Sonja (D:12)
  14 naga sharpshooters
  A goliath frog (Swamp:1)
  2 shock serpents (Snake:4)
  2 fire crabs (Swamp:4)
  5 salamander mystics
  3 deep elf knights
  2 shadow wraiths
  A sea snake (Snake:4)
  4 spriggan druids
  2 flayed ghosts (Vaults:4)
  A deep troll (Vaults:4)
  9 naga ritualists
  18 orc knights
  4 bog bodies
  3 necromancers
  2 wizards
  6 deep elf archers
  Pikel (D:9)
  The ghost of jasper the Blocker, a novice PaFi (D:6)
  8 swamp dragons
  An obsidian statue (Vaults:4)
  A phantasmal warrior (D:15)
  14 ironbrand convokers
  5 mana vipers
  4 wolf spiders
  A mana viper (shapeshifter) (Vaults:1)
  9 harpies (Vaults:2)
  An orb spider (shapeshifter) (Vaults:1)
  3 orc sorcerers
  2 human zombies (Vaults:2)
  3 deep elf magi
  6 cyclopes
  4 oklob plants
  A lindwurm (shapeshifter) (Vaults:4)
  6 will-o-the-wisps
  18 salamanders
  10 elephants
  5 manticores
  19 ugly things
  3 centaur zombies
  2 human skeletons
  21 naga magi
  3 vault sentinels
  11 guardian serpents
  34 black mambas
  An ice statue (IceCv)
  Psyche (D:8)
  A torpor snail (Lair:3)
  4 gargoyles
  14 cane toads
  An efreet (D:13)
  3 komodo dragons (shapeshifter)
  4 rime drakes
  4 freezing wraiths
  A kobold demonologist (D:14)
  6 komodo dragons
  36 yaktaurs
  A red devil (Volcano)
  2 tengu conjurers
  A polar bear (shapeshifter) (Vaults:2)
  15 polar bears
  A queen bee (D:14)
  3 meliai
  5 trolls
  Grinder (D:5)
  7 tyrant leeches
  13 hornets
  A harpy skeleton (D:15)
  14 slime creatures
  10 blink frogs
  4 dream sheep (Lair:4)
  Sigmund (D:2)
  An ettin skeleton (Vaults:4)
  2 redbacks
  A shadow (D:14)
  22 spriggans
  3 wraiths
  69 yaks
  A tarantella (Vaults:4)
  3 wyverns
  3 basilisks
  A hog (Lair:4)
  Grum (D:9)
  4 steam dragons
  A yaktaur simulacrum (Vaults:4)
  15 vampire mosquitoes
  An elf skeleton (Vaults:4)
  An insubstantial wisp (Lair:1)
  6 wargs
  78 nagas
  A soldier ant (D:11)
  13 swamp worms
  20 water moccasins
  An acid dragon (Vaults:2)
  2 hell hounds (Volcano)
  2 ice beasts (D:11)
  12 swamp drakes
  2 sky beasts
  A black bear (Lair:3)
  An elf zombie (Vaults:4)
  A necrophage (D:8)
  31 orc warriors
  29 ogres
  16 wolves
  26 centaurs
  A lemure (D:9)
  12 bullfrogs
  A bullfrog (shapeshifter) (Vaults:1)
  4 big kobolds
  Blork the orc (D:6)
  A gnoll sergeant (D:10)
  A water moccasin skeleton (D:8)
  8 wights
  34 killer bees
  15 howler monkeys
  A bullfrog zombie (D:8)
  4 bullfrog skeletons
  A lava snake (Swamp:4)
  A quasit (D:7)
  15 orc priests
  8 jellies
  7 hounds
  20 orc wizards
  9 centaur skeletons
  9 iguanas
  Ijyb (D:5)
  11 worker ants
  7 gnolls
  A howler monkey zombie (D:10)
  13 adders
  A howler monkey skeleton (D:7)
  A shadow imp (D:8)
  3 white imps
  An ufetubus (D:9)
  2 oozes
  2 adder zombies
  2 adder skeletons
  4 worms
  A dart slug (D:3)
  8 leopard geckos
  74 orcs
  6 ball pythons
  4 bats
  3 giant cockroaches
  10 hobgoblins
  5 jackals
  6 quokkas
  7 frilled lizards
  14 goblins
  17 kobolds
  2 leopard gecko skeletons
  4 rats
  A fire vortex (Swamp:4)
1442 creatures vanquished.

Vanquished Creatures (collateral kills)
  Saint Roka (Snake:3)
  A nagaraja (Snake:4)
  2 naga warriors (Snake:4)
  An ugly thing (D:10)
  A naga mage (Snake:4)
  3 yaks (D:9)
  2 orc warriors
  A lemure (D:9)
  3 wights (D:8)
  3 orc wizards (Snake:3)
  A centaur skeleton (D:9)
  16 orcs
35 creatures vanquished.

Vanquished Creatures (others)
  A golden dragon (Vaults:4)
  2 hydras (Swamp:4)
  A naga ritualist (Snake:4)
  A lindwurm (Swamp:4)
  A deep elf mage (Vaults:5)
  A naga mage (Snake:2)
  A cane toad (Lair:2)
  2 bloated husks
  A hornet (Swamp:2)
  2 polar bears (IceCv)
  6 yaks (IceCv)
  A vampire mosquito (Lair:1)
  A steam dragon (Swamp:4)
  3 nagas
  A water moccasin (Lair:2)
  2 swamp drakes (Swamp:4)
  4 wolves (IceCv)
  A quokka (D:12)
  A bush (Lair:5)
  10 foxfires
  25 fungi
  39 plants
107 creatures vanquished.

Grand Total: 1584 creatures vanquished

Notes
Turn   | Place    | Note
-------+----------+-------------------------------------------
     0 | D:1      | robertstho the Gnoll Ice Elementalist began the quest for
                  | the Orb.
     0 | D:1      | Reached XP level 1. HP: 13/13 MP: 6/6
   420 | D:1      | Reached XP level 2. HP: 18/19 MP: 7/7
   981 | D:1      | Reached XP level 3. HP: 6/25 MP: 7/9
   986 | D:1      | Learned a level 3 spell: Frozen Ramparts
   990 | D:1      | Learned a level 3 spell: Ozocubu's Armour
  1541 | D:2      | Reached skill level 5 in Spellcasting
  1840 | D:2      | Reached skill level 1 in Invocations
  2019 | D:2      | Noticed Sigmund
  2032 | D:2      | Found Zin's Purification Station.
  2055 | D:2      | Killed Sigmund
  2056 | D:2      | Reached skill level 1 in Fighting
  2056 | D:2      | Reached skill level 1 in Short Blades
  2056 | D:2      | Reached skill level 1 in Long Blades
  2056 | D:2      | Reached skill level 1 in Axes
  2056 | D:2      | Reached skill level 1 in Maces & Flails
  2056 | D:2      | Reached skill level 1 in Polearms
  2056 | D:2      | Reached skill level 1 in Staves
  2056 | D:2      | Reached skill level 1 in Slings
  2056 | D:2      | Reached skill level 1 in Bows
  2056 | D:2      | Reached skill level 1 in Crossbows
  2056 | D:2      | Reached skill level 1 in Throwing
  2056 | D:2      | Reached skill level 1 in Armour
  2056 | D:2      | Reached skill level 1 in Shields
  2056 | D:2      | Reached skill level 1 in Unarmed Combat
  2056 | D:2      | Reached skill level 1 in Conjurations
  2056 | D:2      | Reached skill level 1 in Hexes
  2056 | D:2      | Reached skill level 1 in Summonings
  2056 | D:2      | Reached skill level 1 in Necromancy
  2056 | D:2      | Reached skill level 1 in Translocations
  2056 | D:2      | Reached skill level 1 in Transmutations
  2056 | D:2      | Reached skill level 1 in Fire Magic
  2056 | D:2      | Reached skill level 1 in Air Magic
  2056 | D:2      | Reached skill level 1 in Earth Magic
  2056 | D:2      | Reached skill level 1 in Poison Magic
  2056 | D:2      | Reached skill level 1 in Evocations
  2056 | D:2      | Reached XP level 4. HP: 23/32 MP: 3/11
  2056 | D:2      | Reached XP level 5. HP: 26/37 MP: 3/12
  2214 | D:2      | Found a sparkling altar of Nemelex Xobeh.
  2256 | D:2      | Found a glowing silver altar of Zin.
  2690 | D:3      | Reached XP level 6. HP: 39/44 MP: 6/13
  2786 | D:3      | Found a burning altar of Makhleb.
  3152 | D:3      | Reached skill level 5 in Dodging
  3377 | D:3      | Found a hazy altar of Hepliaklqana.
  3918 | D:3      | Learned a level 4 spell: Hailstorm
  3923 | D:3      | Learned a level 4 spell: Summon Ice Beast
  4023 | D:4      | Reached XP level 7. HP: 33/50 MP: 7/15
  4287 | D:4      | Found a broken altar of Ashenzari.
  4563 | D:4      | Found a shimmering blue altar of Sif Muna.
  4906 | D:5      | Entered Level 5 of the Dungeon
  5042 | D:5      | Noticed Grinder
  5044 | D:5      | Paralysed by Grinder for 2 turns
  5076 | D:5      | Killed Grinder
  5077 | D:5      | Reached skill level 5 in Stealth
  5226 | D:5      | Reached XP level 8. HP: 56/57 MP: 13/16
  5479 | D:5      | Found a blossoming altar of Fedhas.
  5867 | D:5      | Noticed Ijyb
  5873 | D:5      | Killed Ijyb
  6728 | D:6      | Noticed Blork the orc
  6731 | D:6      | Found a staircase to the Ecumenical Temple.
  6764 | D:6      | Killed Blork the orc
  7352 | D:6      | Found a runed translucent door.
  7352 | D:6      | Found a shimmering altar of Xom.
  7352 | D:6      | Noticed jasper's ghost (novice PaFi)
  7352 | D:6      | Noticed a +0 long sword of chaos
  7431 | D:6      | Found a white marble altar of Elyvilon.
  7574 | Temple   | Entered the Ecumenical Temple
  7890 | Temple   | Became a worshipper of Sif Muna the Loreminder
  7982 | D:6      | Killed jasper's ghost
  7983 | D:6      | Reached XP level 9. HP: 56/65 MP: 3/18
  8094 | D:6      | HP: 1/65 [+0 long sword of chaos (4)]
  8423 | D:7      | Found a shimmering altar of Xom.
  9548 | D:8      | Noticed Psyche
  9558 | D:8      | Killed Psyche
  9634 | D:8      | Reached skill level 5 in Invocations
  9660 | D:8      | Reached * piety under Sif Muna
  9820 | D:8      | Found a runed translucent gate.
  9820 | D:8      | Found a runed translucent gate.
  9823 | D:8      | Found a runed translucent gate.
  9823 | D:8      | Noticed LufLufFighter's ghost (novice MfTm)
  9824 | D:8      | Found a viscous altar of Jiyva.
  9969 | D:8      | Noticed a two-headed ogre
  9988 | D:8      | Killed a two-headed ogre
  9989 | D:8      | Reached skill level 5 in Fighting
  9989 | D:8      | Reached skill level 5 in Short Blades
  9989 | D:8      | Reached skill level 5 in Long Blades
  9989 | D:8      | Reached skill level 5 in Axes
  9989 | D:8      | Reached skill level 5 in Maces & Flails
  9989 | D:8      | Reached skill level 5 in Polearms
  9989 | D:8      | Reached skill level 5 in Staves
  9989 | D:8      | Reached skill level 5 in Slings
  9989 | D:8      | Reached skill level 5 in Bows
  9989 | D:8      | Reached skill level 5 in Crossbows
  9989 | D:8      | Reached skill level 5 in Throwing
  9989 | D:8      | Reached skill level 5 in Armour
  9989 | D:8      | Reached skill level 5 in Shields
  9989 | D:8      | Reached skill level 5 in Unarmed Combat
  9989 | D:8      | Reached skill level 5 in Evocations
  9989 | D:8      | Reached XP level 10. HP: 11/74 MP: 11/20
 11184 | D:9      | Noticed Erica
 11200 | D:9      | Killed Erica
 11200 | D:9      | Reached ** piety under Sif Muna
 11344 | D:9      | Noticed a two-headed ogre
 11366 | D:9      | Killed a two-headed ogre
 11587 | D:9      | Noticed Pikel
 11599 | D:9      | Killed Pikel
 11600 | D:9      | Reached XP level 11. HP: 81/81 MP: 15/22
 11818 | D:9      | Noticed Grum
 11823 | D:9      | Reached skill level 5 in Conjurations
 11823 | D:9      | Reached skill level 5 in Hexes
 11823 | D:9      | Reached skill level 5 in Summonings
 11823 | D:9      | Reached skill level 5 in Necromancy
 11823 | D:9      | Reached skill level 5 in Translocations
 11823 | D:9      | Reached skill level 5 in Transmutations
 11823 | D:9      | Reached skill level 5 in Fire Magic
 11823 | D:9      | Reached skill level 5 in Air Magic
 11823 | D:9      | Reached skill level 5 in Earth Magic
 11823 | D:9      | Reached skill level 5 in Poison Magic
 11823 | D:9      | Killed Grum
 11963 | D:9      | Found Riehux's Distillery.
 11968 | D:9      | Bought a potion of invisibility for 120 gold pieces
 11968 | D:9      | Bought a potion of resistance for 150 gold pieces
 11968 | D:9      | Bought a potion of flight for 45 gold pieces
 11968 | D:9      | Bought a potion of curing for 45 gold pieces
 11968 | D:9      | Bought a potion of cancellation for 120 gold pieces
 12323 | D:10     | Entered Level 10 of the Dungeon
 12347 | D:10     | Noticed a death yak
 12358 | D:10     | Found a staircase to the Lair.
 12359 | D:10     | Noticed a death yak
 12380 | D:10     | Found a flagged portal.
 12388 | Bailey   | Entered a bailey
 12787 | Bailey   | Identified the +14 crystal plate armour "Walo" {rC- Int+8
                  | SInv}
 12803 | Bailey   | Reached *** piety under Sif Muna
 12995 | D:10     | Noticed a purple ugly thing
 13017 | D:10     | Killed a purple ugly thing
 13089 | D:10     | Found the +2 shield of Resistance {rF++ rC++ MR++}
 13092 | D:10     | Noticed a great orb of eyes
 13093 | D:10     | Found a runed translucent gate.
 13093 | D:10     | Found a runed translucent gate.
 13095 | D:10     | Found a runed translucent gate.
 13102 | D:10     | Noticed Zonian's ghost (journeyman GnTm)
 13215 | D:10     | Killed Zonian's ghost
 13221 | D:10     | Killed a great orb of eyes
 13577 | Temple   | Fell from the grace of Sif Muna
 13577 | Temple   | Became a worshipper of Warmaster Okawaru
 13643 | D:6      | Killed a +0 long sword of chaos
 14055 | D:10     | Noticed a death yak
 14076 | D:10     | Killed a death yak
 14089 | D:10     | Killed a death yak
 14089 | D:10     | Reached * piety under Okawaru
 14091 | D:10     | Reached XP level 12. HP: 38/89 MP: 24/24
 14097 | D:10     | Killed a death yak
 14106 | D:10     | Reached ** piety under Okawaru
 14590 | D:10     | Found a staircase to the Orcish Mines.
 14704 | D:10     | Noticed Fannar
 14728 | D:10     | Killed Fannar
 15387 | D:11     | Noticed a boulder beetle
 15407 | D:11     | Killed a boulder beetle
 15407 | D:11     | Reached *** piety under Okawaru
 15716 | D:11     | Received a gift from Okawaru
 16690 | D:11     | Was forgiven by Sif Muna
 16839 | D:12     | Reached **** piety under Okawaru
 16839 | D:12     | Received a gift from Okawaru
 16954 | D:12     | Noticed Sonja
 16957 | D:12     | Killed Sonja
 16972 | D:12     | Reached XP level 13. HP: 49/98 MP: 26/26
 16994 | D:12     | Received a gift from Okawaru
 17453 | D:12     | Found a white marble altar of Elyvilon.
 17710 | D:13     | Received a gift from Okawaru
 17800 | D:13     | Reached ***** piety under Okawaru
 18173 | D:13     | Received a gift from Okawaru
 18898 | D:13     | Received a gift from Okawaru
 18901 | D:13     | Got a slimy lajatang {god gift}
 18910 | D:13     | Identified the +2 lajatang of Unreason {venom, Str+3}
                  | (Okawaru gifted it to you on level 13 of the Dungeon)
 19155 | D:13     | Reached skill level 10 in Ice Magic
 20510 | D:14     | Noticed a vault guard
 20548 | D:14     | Noticed a vault guard
 21005 | D:14     | Noticed a vault guard
 21005 | D:14     | Noticed a vault guard
 21023 | D:14     | Killed a vault guard
 21614 | D:14     | Killed a vault guard
 21615 | D:14     | Reached skill level 10 in Spellcasting
 21624 | D:14     | Killed a vault guard
 21624 | D:14     | Received a gift from Okawaru
 21819 | D:14     | Found a gate to the Vaults.
 21852 | D:14     | Killed a vault guard
 22279 | D:14     | Reached XP level 14. HP: 106/106 MP: 28/28
 22341 | D:14     | Reached skill level 10 in Dodging
 22960 | D:15     | Entered Level 15 of the Dungeon
 23233 | D:15     | Reached skill level 10 in Stealth
 23881 | D:15     | Found a staircase to the Depths.
 24038 | D:15     | Reached skill level 10 in Invocations
 24102 | D:15     | Identified the +9 quarterstaff of the Key {drain, Str+3
                  | Dex-4}
 24117 | D:15     | Noticed a stone giant
 24143 | D:15     | Killed a stone giant
 24157 | D:15     | Received a gift from Okawaru
 25071 | Lair:1   | Entered Level 1 of the Lair of Beasts
 25087 | Lair:1   | Got a jewelled whip
 25087 | Lair:1   | Identified the +8 whip of Triumph {vorpal, Int+5} (You
                  | found it on level 1 of the Lair of Beasts)
 25135 | Lair:1   | Found a dark tunnel.
 25140 | Volcano  | Entered a volcano
 26990 | Lair:2   | Reached XP level 15. HP: 76/115 MP: 29/29
 27043 | Lair:2   | Found a frozen archway.
 27068 | IceCv    | Entered an ice cave
 27436 | IceCv    | Got a fine hand crossbow
 27905 | IceCv    | Received a gift from Okawaru
 28113 | IceCv    | Received a gift from Okawaru
 28377 | IceCv    | Noticed a frost giant
 28428 | IceCv    | Killed a frost giant
 28991 | Lair:2   | Reached skill level 10 in Fighting
 28991 | Lair:2   | Reached skill level 10 in Short Blades
 28991 | Lair:2   | Reached skill level 10 in Long Blades
 28991 | Lair:2   | Reached skill level 10 in Axes
 28991 | Lair:2   | Reached skill level 10 in Maces & Flails
 28991 | Lair:2   | Reached skill level 10 in Polearms
 28991 | Lair:2   | Reached skill level 10 in Staves
 28991 | Lair:2   | Reached skill level 10 in Slings
 28991 | Lair:2   | Reached skill level 10 in Bows
 28991 | Lair:2   | Reached skill level 10 in Crossbows
 28991 | Lair:2   | Reached skill level 10 in Throwing
 28991 | Lair:2   | Reached skill level 10 in Armour
 28991 | Lair:2   | Reached skill level 10 in Shields
 28991 | Lair:2   | Reached skill level 10 in Unarmed Combat
 28991 | Lair:2   | Reached skill level 10 in Evocations
 29015 | Lair:2   | Found a staircase to the Snake Pit.
 30174 | Lair:3   | Found a staircase to the Swamp.
 31790 | Lair:4   | Noticed Kirke
 31805 | Lair:4   | Killed Kirke
 31805 | Lair:4   | Received a gift from Okawaru
 32948 | Lair:5   | Found a staircase to the Slime Pits.
 33927 | Lair:6   | Entered Level 6 of the Lair of Beasts
 34581 | Lair:6   | Received a gift from Okawaru
 34582 | Lair:6   | Reached XP level 16. HP: 103/123 MP: 31/31
 35259 | Lair:6   | Identified the +5 hand crossbow "Leli" {flame, +Blink Str+4
                  | Stlth-} (You found it in an ice cave)
 36122 | D:15     | Found Raulyqu's Assorted Antiques.
 36130 | D:15     | Bought a thin ruby amulet for 125 gold pieces
 36130 | D:15     | Bought a scroll of identify for 50 gold pieces
 38187 | Lair:6   | Identified the cursed +1 whip of Frustration {vorpal, *Rage
                  | rN+ SInv} (You found it on level 6 of the Lair of Beasts)
 38638 | Snake:1  | Entered Level 1 of the Snake Pit
 38638 | Snake:1  | Found a runed translucent door.
 38638 | Snake:1  | Noticed Xitaol's ghost (adept SpEn)
 38638 | Snake:1  | Noticed Aizul
 38658 | Snake:1  | Killed Aizul
 40554 | Snake:2  | Noticed Vashnia
 40566 | Snake:2  | Received a gift from Okawaru
 40580 | Snake:2  | Killed Vashnia
 40858 | Snake:2  | Noticed Jorgrun
 40870 | Snake:2  | Killed Jorgrun
 41319 | D:15     | Bought a pair of glowing boots for 187 gold pieces
 41522 | Snake:1  | Killed Xitaol's ghost
 41889 | Snake:2  | Got a transparent tin ring
 42682 | Snake:3  | Noticed a nagaraja
 42770 | Snake:3  | Noticed Saint Roka
 42799 | Snake:3  | Killed Saint Roka
 42800 | Snake:3  | Reached XP level 17. HP: 45/131 MP: 33/33
 43609 | Snake:3  | Received a gift from Okawaru
 44094 | Snake:3  | Received a gift from Okawaru
 44669 | Snake:3  | Noticed Louise
 44736 | Snake:3  | Killed Louise
 44736 | Snake:3  | Received a gift from Okawaru
 45131 | Snake:3  | Found Xoij's Distillery.
 45134 | Snake:3  | Bought a potion of heal wounds for 70 gold pieces
 45134 | Snake:3  | Bought a potion of curing for 42 gold pieces
 45134 | Snake:3  | Bought a potion of curing for 42 gold pieces
 45134 | Snake:3  | Bought a potion of curing for 42 gold pieces
 45134 | Snake:3  | Bought a potion of heal wounds for 70 gold pieces
 45360 | D:15     | Bought 2 potions of berserk rage for 250 gold pieces
 45361 | D:15     | Identified the ring of Saxtunao {+Inv rC+ MR- Str+4 SInv}
                  | (You found it on level 2 of the Snake Pit)
 45562 | Snake:4  | Entered Level 4 of the Snake Pit
 45567 | Snake:4  | Noticed Agnes
 45578 | Snake:3  | Received a gift from Okawaru
 46026 | Snake:4  | Noticed Asterion
 46050 | Snake:4  | Killed Asterion
 46298 | Snake:4  | Found a runed translucent gate.
 46300 | Snake:4  | Found a runed translucent gate.
 46300 | Snake:4  | Found a runed translucent gate.
 46514 | Snake:4  | Killed Agnes
 46514 | Snake:4  | Received a gift from Okawaru
 46612 | Snake:4  | Reached skill level 10 in Conjurations
 46612 | Snake:4  | Reached skill level 10 in Hexes
 46612 | Snake:4  | Reached skill level 10 in Summonings
 46612 | Snake:4  | Reached skill level 10 in Necromancy
 46612 | Snake:4  | Reached skill level 10 in Translocations
 46612 | Snake:4  | Reached skill level 10 in Transmutations
 46612 | Snake:4  | Reached skill level 10 in Fire Magic
 46612 | Snake:4  | Reached skill level 10 in Air Magic
 46612 | Snake:4  | Reached skill level 10 in Earth Magic
 46612 | Snake:4  | Reached skill level 10 in Poison Magic
 47490 | Snake:4  | Received a gift from Okawaru
 48356 | Snake:4  | Reached XP level 18. HP: 140/140 MP: 34/34
 48438 | Snake:4  | Reached ****** piety under Okawaru
 48824 | Snake:4  | Received a gift from Okawaru
 48918 | Snake:4  | Received a gift from Okawaru
 49826 | Snake:4  | Got a serpentine rune of Zot
 50053 | Snake:4  | Received a gift from Okawaru
 50390 | Swamp:1  | Entered Level 1 of the Swamp
 51977 | Swamp:3  | Reached XP level 19. HP: 139/147 MP: 36/36
 52994 | Swamp:4  | Entered Level 4 of the Swamp
 53018 | Swamp:4  | Received a gift from Okawaru
 53535 | Swamp:4  | Received a gift from Okawaru
 53978 | Swamp:4  | Noticed Bai Suzhen
 54006 | Swamp:4  | Killed Bai Suzhen
 54689 | Swamp:4  | Got a decaying rune of Zot
 54738 | Swamp:4  | Learned a level 2 spell: Blink
 55162 | Vaults:1 | Entered Level 1 of the Vaults
 55269 | Vaults:1 | Found Zoawnoug's Weapon Emporium.
 55521 | Vaults:1 | Found Ehith's Antique Armour Shop.
 55538 | Vaults:1 | Received a gift from Okawaru
 55882 | Vaults:1 | Received a gift from Okawaru
 55912 | Vaults:1 | Found Kowonueg's Distillery.
 55919 | Vaults:1 | Found Ypnig's Antique Weapon Boutique.
 56323 | Vaults:1 | Reached XP level 20. HP: 156/156 MP: 33/37
 56427 | Vaults:1 | Received a gift from Okawaru
 56740 | Vaults:1 | Received a gift from Okawaru
 56900 | Vaults:1 | Found Cysketwucvi's Armour Boutique.
 57381 | Vaults:2 | Identified the cursed +1 hand crossbow "Fesos" {venom, MR+
                  | Dex+4} (You found it on level 2 of the Vaults)
 57423 | Vaults:2 | Received a gift from Okawaru
 57468 | Vaults:2 | Noticed Mara
 57481 | Vaults:2 | Noticed robertstho's illusion
 57499 | Vaults:2 | Killed Mara
 58322 | Vaults:2 | Received a gift from Okawaru
 58717 | Vaults:2 | Noticed Sojobo
 59059 | Vaults:2 | Received a gift from Okawaru
 60519 | Vaults:3 | Found a staircase to the Crypt.
 60526 | Vaults:3 | Reached XP level 21. HP: 164/164 MP: 39/39
 61439 | Vaults:3 | Received a gift from Okawaru
 61478 | Vaults:3 | Reached skill level 15 in Invocations
 61492 | Vaults:3 | Received a gift from Okawaru
 64322 | Vaults:4 | Found a gateway to a bazaar.
 64342 | Vaults:4 | Gained mutation: You tend to lose your temper in combat. [a
                  | neqoxec]
 64368 | Bazaar   | Entered a bazaar
 64382 | Bazaar   | Found Punepitz's Book Emporium.
 64397 | Bazaar   | Found Johodoif's Magic Scroll Shoppe.
 64397 | Bazaar   | Found Attogg's Antique Weapon Emporium.
 64401 | Bazaar   | Bought a scroll of magic mapping for 24 gold pieces
 64401 | Bazaar   | Bought a scroll of identify for 14 gold pieces
 64401 | Bazaar   | Bought a scroll of blinking for 52 gold pieces
 64401 | Bazaar   | Bought a scroll of identify for 14 gold pieces
 64401 | Bazaar   | Bought a scroll of identify for 14 gold pieces
 64401 | Bazaar   | Bought a scroll of brand weapon for 140 gold pieces
 64401 | Bazaar   | Bought a scroll of fear for 24 gold pieces
 64418 | Bazaar   | Found Banoongo's Distillery.
 64422 | Bazaar   | Bought a potion of curing for 54 gold pieces
 64422 | Bazaar   | Bought 2 potions of curing for 108 gold pieces
 64422 | Bazaar   | Bought a potion of curing for 54 gold pieces
 64422 | Bazaar   | Bought 2 potions of curing for 108 gold pieces
 64422 | Bazaar   | Bought a potion of resistance for 180 gold pieces
 64489 | Vaults:4 | Noticed Donald
 64500 | Vaults:4 | Killed Donald
 64722 | Vaults:5 | Entered Level 5 of the Vaults
 64725 | Vaults:5 | Noticed a golden dragon
 64730 | Vaults:5 | Received a gift from Okawaru
 64731 | Vaults:5 | Reached skill level 15 in Spellcasting
 64732 | Vaults:5 | Reached XP level 22. HP: 63/173 MP: 39/41
 64732 | Vaults:5 | Noticed a golden dragon
 64736 | Vaults:4 | Reached skill level 15 in Dodging
 65160 | Vaults:5 | Noticed a golden dragon
 65180 | Vaults:4 | Killed a golden dragon
 65564 | Vaults:4 | Killed a golden dragon
 65758 | Vaults:4 | Killed a golden dragon
 65760 | Vaults:4 | Reached skill level 15 in Stealth
 66160 | Vaults:5 | Killed from afar by a shadow dragon

Illustrated notes

Levels and vault maps discovered:
D:1:      psy_arrival_basics, layout_basic
D:2:      layout_basic, zin_purify, nemelex_altar_shiori, hex_tiny,
          chequers_serial_rivers_micro_c, grunt_ministairs_15,
          kennysheep_generic_room_10, uniq_sigmund
D:3:      layout_loops_ring, lemuel_crystal_altar, lemuel_doored_altar,
          kennysheep_generic_room_2
D:4:      layout_basic, overflow_temple_1_default, led_sif_pool
D:5:      layout_basic, fedhas_altar_fruit_tree, nrook_pool_corridor, uniq_ijyb,
          uniq_grinder
D:6:      layout_loops_ring, kennysheep_little_box,
          minmay_temple_entry_gardened_gates, ebering_ghost_xom,
          minmay_misc_feat_doors, columned_hall_lemuel, hangedman_decor_push,
          uniq_blork_the_orc
D:7:      layout_basic, lemuel_altar_in_water
D:8:      layout_loops_cross, gammafunk_ghost_ooze, uniq_psyche
D:9:      layout_basic, serial_shops, nicolae_shop_waterfront, uniq_erica,
          uniq_pikel, uniq_grum
D:10:     layout_cave_pods, dpeg_lair_monsters, orc_0_dummy, enter_bailey_2,
          gammafunk_ghost_split, minmay_misc_feat_enclosed, uniq_fannar
D:11:     layout_roguey
D:12:     layout_rooms, serial_curves, eino_curves_04, eino_curves_01,
          elyvilon_altar_4, uniq_sonja
D:13:     layout_stronghold
D:14:     layout_roguey [special_room_bee], grunt_vaults_entry_fortified,
          hangedman_decor_peaks_small
D:15:     grunt_enter_depths_snipers, layout_loops_ring, serial_shops, shop,
          minmay_radiant
Temple:   regret_index_temple_generic_petals
Lair:1:   layout_chaotic_city, enter_volcano_4, pond
Lair:2:   layout_misc_corridors, guppyfry_snake_entry_island,
          portal_ice_cave_rime, beast_lair_carwin_5, grunt_megastairs_5
Lair:3:   layout_long_grid, minmay_swamp_entry_reptiles,
          infiniplex_staircase_pool_2
Lair:4:   layout_concentric_octagons, wad_woods_01, uniq_kirke
Lair:5:   layout_roguey, minmay_slime_entry_oklob_enclosed,
          serial_bayou_shore_a, lemuel_fruit_tree, serial_bayou_shore_b,
          grunt_megastairs_1
Lair:6:   due_jungle_book, layout_cave_pods, minmay_lair_oklob_items
Swamp:1:  layout_basic_swamp, hangedman_swamp_ruin_wall
Swamp:2:  layout_basic_swamp, nicolae_swamp_stair_fork, swamp_pool3
Swamp:3:  layout_basic_swamp, evilmike_swamp_ruin_house_5,
          nicolae_swamp_spriggan_camp
Swamp:4:  swamp_fiery, layout_basic_swamp, swamp_pool2,
          nicolae_swamp_fairy_circle, uniq_bai_suzhen
Snake:1:  layout_onion, ebering_ghost_inner_flame,
          hangedman_snake_thin_pillar_pass, drop_trap, grunt_megastairs_4,
          uniq_aizul
Snake:2:  dpeg_oklob_gauntlet, layout_chambers, uniq_jorgrun, uniq_vashnia
Snake:3:  layout_grid_shapes, serial_shops, nicolae_shop_behind_doors,
          nicolae_snake_double_loop, uniq_saint_roka, uniq_louise
Snake:4:  johnstein_snake_rune_scales, layout_cave_pods,
          nicolae_snake_horde_hoard, uniq_agnes, uniq_asterion
Vaults:1: hangedman_vaults_slice, ontoclasm_vaults_shuriken,
          vaults_room_large_hall, vaults_mumra_hexcomb,
          ontoclasm_vaults_misaligned, vaults_room_hallway, v_misc_29,
          ontoclasm_vaults_ring_square, hangedman_vaults_cutoff,
          dpeg_vaults_waves, nicolae_vaults_network_periphery, vaults_room_pool,
          ontoclasm_vaults_gateway, layout_vaults_big_room, serial_shops,
          nicolae_shop_competitors_out_of_business, nicolae_shop_crystal,
          nicolae_shop_statue_plus, nicolae_shop_crystal, shop
Vaults:2: ontoclasm_vaults_fire_temple, hangedman_vaults_maws,
          nicolae_vaults_three_branches, vaults_room_fancy_cross,
          vaults_room_ringed_pool, vaults_dpeg_encased_lava,
          vaults_room_corners, layout_vaults_omnigrid, uniq_sojobo, uniq_mara
Vaults:3: v_misc_27, minmay_crypt_entry_simple_corners, v_misc_29,
          vaults_room_pool, grunt_vaults_funnel, vaults_room_fours,
          hangedman_vaults_river_flow, layout_vaults_ring
Vaults:4: nicolae_vaults_network_s, v_misc_25, nicolae_vaults_octagons,
          ontoclasm_vaults_ligature, vaults_room_grid, v_pattern_5,
          vaults_room_grunt_arrival_ludios, ontoclasm_vaults_decontamination,
          nicolae_vaults_little_squares_4, v_misc_14, dpeg_vaults_monster_box,
          ontoclasm_vaults_pinch, nicolae_vaults_circle_grid_a,
          layout_vaults_omnicross, serial_shops, statue_bzr, uniq_donald
Vaults:5: serial_shops

Skill      XL: |  1  2  3  4  5  6  7  8  9 10 11 12 13 14 15 16 17 18 19 20 21 22 |
---------------+-------------------------------------------------------------------+-----
Spellcasting   | 5 6 7 8 9 10 11 12 13 14 15 | 15.2
Invocations    | 1 2 3 4 5 6 7 8 9 10 11 12 13 14 15 | 15.7
Fighting       | 1 2 4 5 6 7 8 9 10 11 12 13 14 | 14.5
Short Blades   | 1 2 4 5 6 7 8 9 10 11 12 13 14 | 14.5
Long Blades    | 1 2 4 5 6 7 8 9 10 11 12 13 14 | 14.5
Axes           | 1 2 4 5 6 7 8 9 10 11 12 13 14 | 14.5
Maces & Flails | 1 2 4 5 6 7 8 9 10 11 12 13 14 | 14.5
Polearms       | 1 2 4 5 6 7 8 9 10 11 12 13 14 | 14.5
Staves         | 1 2 4 5 6 7 8 9 10 11 12 13 14 | 14.5
Slings         | 1 2 4 5 6 7 8 9 10 11 12 13 14 | 14.5
Bows           | 1 2 4 5 6 7 8 9 10 11 12 13 14 | 14.5
Crossbows      | 1 2 4 5 6 7 8 9 10 11 12 13 14 | 14.5
Throwing       | 1 2 4 5 6 7 8 9 10 11 12 13 14 | 14.5
Armour         | 1 2 4 5 6 7 8 9 10 11 12 13 14 | 14.5
Shields        | 1 2 4 5 6 7 8 9 10 11 12 13 14 | 14.5
Unarmed Combat | 1 2 4 5 6 7 8 9 10 11 12 13 14 | 14.5
Conjurations   | 1 2 3 4 5 6 7 8 9 10 11 12 | 12.5
Hexes          | 1 2 3 4 5 6 7 8 9 10 11 12 | 12.5
Summonings     | 1 2 3 4 5 6 7 8 9 10 11 12 | 12.5
Necromancy     | 1 2 3 4 5 6 7 8 9 10 11 12 | 12.5
Translocations | 1 2 3 4 5 6 7 8 9 10 11 12 | 12.5
Transmutations | 1 2 3 4 5 6 7 8 9 10 11 12 | 12.5
Fire Magic     | 1 2 3 4 5 6 7 8 9 10 11 12 | 12.5
Air Magic      | 1 2 3 4 5 6 7 8 9 10 11 12 | 12.5
Earth Magic    | 1 2 3 4 5 6 7 8 9 10 11 12 | 12.5
Poison Magic   | 1 2 3 4 5 6 7 8 9 10 11 12 | 12.5
Evocations     | 1 2 4 5 6 7 8 9 10 11 12 13 14 | 14.5
Dodging        | 5 6 7 8 9 10 11 12 13 14 15 | 15.1
Stealth        | 5 6 7 8 9 10 11 12 13 14 15 | 15.0
Ice Magic      | 8 9 10 11 12 13 14 | 14.0

Action                   |  1- 3 |  4- 6 |  7- 9 | 10-12 | 13-15 | 16-18 | 19-21 | 22-24 || total
-------------------------+-------+-------+-------+-------+-------+-------+-------+-------++-------
Melee: Whip              |    57 |       |       |       |   109 |       |       |       ||   166
       Bite              |     6 |     7 |    11 |    80 |   331 |    38 |     4 |       ||   477
       War axe           |     7 |    50 |   112 |    26 |       |       |       |       ||   195
       Punch             |       |       |     2 |     1 |       |       |       |       ||     3
       Unarmed           |       |       |       |     5 |       |       |       |       ||     5
       Scimitar          |       |       |       |   523 |  1384 |   157 |    16 |       ||  2080
       Lajatang          |       |       |       |       |   573 |       |       |       ||   573
 Fire: Hand crossbow     |       |       |       |       |       |  1509 |  1797 |    84 ||  3390
Throw: Dart              |       |       |       |       |    11 |       |       |       ||    11
 Cast: Freeze            |     7 |       |       |     2 |       |       |       |       ||     9
       Frozen Ramparts   |     7 |    25 |    50 |    32 |       |    48 |    60 |     2 ||   224
       Summon Ice Beast  |       |       |    17 |    23 |       |    12 |       |       ||    52
       Hailstorm         |       |       |       |     6 |       |     3 |       |       ||     9
Invok: Heroism           |       |       |       |       |    16 |    13 |     5 |     1 ||    35
       Finesse           |       |       |       |       |     1 |     1 |     1 |       ||     3
Evoke: Wand              |       |       |     5 |     6 |    10 |     4 |     3 |       ||    28
       Condenser vane    |       |       |       |       |     1 |       |     1 |       ||     2
  Use: Scroll            |       |     6 |     4 |    10 |    17 |     9 |     7 |     1 ||    54
       Potion            |       |       |     4 |     3 |     6 |     4 |     6 |     1 ||    24
 Stab: Sleeping          |     2 |     4 |     2 |       |       |       |       |       ||     8
Armor: Robe              |    10 |    10 |     3 |       |       |       |       |       ||    23
       Ring mail         |       |       |    37 |    16 |       |       |       |       ||    53
       Skin              |       |       |     1 |       |       |       |       |       ||     1
       Crystal plate arm |       |       |       |   397 |  1127 |   567 |   629 |   132 ||  2852
       Plate armour      |       |       |       |       |   483 |       |       |       ||   483
Dodge: Dodged            |    54 |    52 |   104 |   139 |   689 |   238 |   482 |    97 ||  1855
Block: Kite shield       |       |       |       |   325 |  1088 |  1078 |  1297 |   151 ||  3939
       Reflection        |       |       |       |       |       |   147 |   122 |     4 ||   273
       Rpst.: Scimitar   |       |       |       |    21 |   108 |     9 |     2 |       ||   140

Table legend: (Time is in decaauts)
 A = Elapsed time spent in this place.
 B = Non-inter-level travel time spent in this place.
 C = Inter-level travel time spent in this place.
 D = Time resting spent in this place.
 E = Time spent auto-exploring this place.
 F = Levels seen in this place.
 G = Mean time per level.
                   A        B        C        D        E       F      G
               +--------+--------+--------+--------+--------+-----+--------+
         Total |  66489 |  61942 |   4547 |   7122 |  42420 |  39 | 1704.8 |
       Dungeon |  26428 |  23887 |   2541 |   3637 |  15815 |  15 | 1761.9 |
        Temple |    546 |    483 |     63 |      0 |    481 |   1 |  546.0 |
          Lair |  10197 |   9185 |   1012 |    337 |   7302 |   6 | 1699.5 |
         Swamp |   4729 |   4566 |    163 |     46 |   3437 |   4 | 1182.2 |
     Snake Pit |  10765 |  10230 |    535 |   1115 |   6952 |   4 | 2691.2 |
        Vaults |  10937 |  10705 |    232 |   1428 |   7028 |   5 | 2187.4 |
        Bazaar |     75 |     75 |      0 |      0 |     73 |   1 |   75.0 |
        Bailey |    605 |    605 |      0 |    103 |    197 |   1 |  605.0 |
      Ice Cave |   1843 |   1843 |      0 |    454 |    881 |   1 | 1843.0 |
       Volcano |    360 |    360 |      0 |      0 |    253 |   1 |  360.0 |
               +--------+--------+--------+--------+--------+-----+--------+

Top non-repeatable levels by time:
Vaults:4: 4280 daAuts
 Snake:4: 4034 daAuts
    D:14: 3875 daAuts
 Snake:3: 3226 daAuts
    D:13: 2731 daAuts
Vaults:2: 2646 daAuts
  Lair:6: 2455 daAuts
    D:15: 2228 daAuts
Vaults:1: 2101 daAuts
     D:6: 1911 daAuts
 Swamp:4: 1885 daAuts
    D:10: 1877 daAuts
     D:8: 1873 daAuts
Vaults:3: 1871 daAuts
   IceCv: 1843 daAuts
